 Dungeon Crawl Stone Soup version 0.31.0-12-g77e489cdc1 (webtiles) character file.

Game seed: 13914519374369107213

14 hawla the Shield-Bearer (level 2, -3/26 HPs)
             Began as a Minotaur Fighter on Feb 19, 2024.
             Slain by a goblin
             ... wielding a +2 dagger of electrocution
              (20 damage)
             ... on level 1 of the Dungeon.
             The game lasted 00:00:53 (155 turns).

hawla the Shield-Bearer (Minotaur Fighter)           Turns: 155, Time: 00:00:54

Health: -3/26      AC:  8    Str: 20    XL:     2   Next: 31%
Magic:  1/1        EV:  9    Int:  5    God:
Gold:   10         SH:  4    Dex:  9    Spells: 1/1 levels left

rFire   . . .        a - +0 long sword
rCold   . . .        c - +0 buckler
rNeg    . . .        b - +0 scale mail
rPois   .            (helmet restricted)
rElec   .            i - +0 cloak
rCorr   .            (no gloves)
SInv    .            (no boots)
Will    .....        (no amulet) Stlth
                     (no ring)
HPRegen 0.24/turn    (no ring)
MPRegen 0.07/turn

%: no passive effects
@: no status effects
A: horns 2, retaliatory headbutt
a: no special abilities


You were on level 1 of the Dungeon.
You visited 1 branch of the dungeon, and saw 1 of its levels.

You collected 10 gold pieces.

Inventory:

Hand Weapons
 a - a +0 long sword (weapon)
Armour
 b - a +0 scale mail (worn)
 c - a +0 buckler (worn)
 i - a +0 cloak (worn)
Scrolls
 f - a scroll of blinking {unknown}
 g - a scroll of teleportation {unknown}
Potions
 d - a potion of might
 e - a potion of enlightenment {unknown}
 h - a potion of haste {unknown}


   Skills:
 - Level 3.6 Fighting
 - Level 2.4 Long Blades
 - Level 3.6 Armour
 + Level 4.6 Shields


You had one spell level left.
You didn't know any spells.
Your spell library was empty.

Dungeon Overview and Level Annotations

Branches:
Dungeon (1/15)

Altars:


Innate Abilities, Weirdness & Mutations

You have a pair of horns on your head.
You reflexively headbutt those who attack you in melee.


Message History

Found a cloak.
You now have 10 gold pieces (gained 5).
h - a silvery potion You open the door.
There is an open door here.
An endoplasm comes into view.
The endoplasm quivers.
An endoplasm is nearby!
There is an open door here.
You see here a +0 cloak.
i - a +0 cloak You block the endoplasm's attack.
There is an open door here.
You hit the endoplasm. You headbutt the endoplasm.
The endoplasm is almost dead.
The endoplasm hits you but does no damage.
You hit the endoplasm but do no damage. You headbutt the endoplasm.
You kill the endoplasm!
No target in view!
You start putting on your armour.
You continue putting on your +0 cloak. x4
You finish putting on your +0 cloak.
Okay, then.
Found a stone staircase leading down.
You open the door.
There is an open door here.
A hobgoblin comes into view.
The hobgoblin shouts!
A hobgoblin is nearby!
A hobgoblin is nearby!
A goblin comes into view.
It is wielding a +2 dagger of electrocution.
The hobgoblin hits you but does no damage.
You barely miss the hobgoblin.
The hobgoblin hits you but does no damage. x2
You closely miss the goblin. The goblin hits you but does no damage.
The hobgoblin hits you but does no damage.
You miss the goblin. The hobgoblin hits you.
The goblin hits you with a +2 dagger of electrocution.
You are electrocuted!!
Ouch! That really hurt!
You die...

#........... #.# #
#..........# #.# #
#..........+ #.# #
#..........# #.# #
###+#'#########.# #
#.....#.......#.###
#.>...............'
#.....#....##.#.###
##@#####....#.#.# #
#..gg# ###......# #
.........
#....#####
.........#
##........
.........#
##.......
.........# ##......
.......... ##.....
#######+#. ##....
##...


You could see a hobgoblin and a goblin.

Vanquished Creatures
  3 endoplasms (D:1)
  2 goblins (D:1)
  3 hobgoblins (D:1)
  A frilled lizard (D:1)
  4 rats (D:1)
13 creatures vanquished.

Notes
Turn   | Place    | Note
-------+----------+-------------------------------------------
     0 | D:1      | hawla the Minotaur Fighter began the quest for the Orb.
     0 | D:1      | Reached XP level 1. HP: 19/19 MP: 0/0
    21 | D:1      | Reached skill level 4 in Shields
    55 | D:1      | Reached XP level 2. HP: 26/26 MP: 1/1
   155 | D:1      | Slain by a goblin

Illustrated notes

Levels and vault maps discovered:
D:1:      dpeg_arrival_central, layout_basic, amethyst_killhole,
          nrook_mini_backslash

Skill      XL: |  1 |
---------------+----+-----
Shields        | 4 |  4.6
Fighting       | |  3.6
Long Blades    | |  2.4
Armour         | |  3.6

Action                     || total
---------------------------++-------
  Melee: Long sword        ||    24
         Headbutt          ||     3
 Armour: Scale mail        ||    19
  Dodge: Dodged            ||     5
  Block: Buckler           ||     5
